[Event "African Games-chT 2019"]
[Site "Casablanca"]
[Date "2019.08.24"]
[Round "4.16"]
[White "Ofowino, Toritsemuwa"]
[Black "Latreche, Sabrina"]
[Result "1/2-1/2"]
[ECO "A80"]
[WhiteElo "1877"]
[BlackElo "2064"]
[Annotator "NA"]
[PlyCount "89"]
[EventDate "2019.08.24"]
[EventType "team-tourn"]
[EventCountry "MAR"]
[SourceTitle "playchess.com"]
[Source "ChessBase"]
[SourceQuality "1"]
[WhiteTeam "Nigeria"]
[BlackTeam "Algeria"]
[WhiteTeamCountry "NGR"]
[BlackTeamCountry "ALG"]
[TimeControl "900+10"]

1. d4 f5 2. Bf4 Nf6 3. e3 b6 4. h3 Bb7 5. Nf3 e6 6. Be2 Be7 7. O-O O-O 8. c4 Ne4 9. Qc2 c5 10. Nc3 d6 11. Rad1 a6 12. Bh2 Nd7 13. Nd2 Nxd2 14. Rxd2 cxd4 15. exd4 Qe8 16. Qd1 Rc8 17. Bh5 g6 18. Be2 f4 19. d5 e5 20. Rc2 Nf6 21. Qd3 Rc7 22. Bf3 Bc8 23. Ne4 Bf5 24. Nxf6+ Rxf6 25. Be4 Qf8 26. Bxf5 gxf5 27. f3 Rg6 28. Kh1 Bh4 29. Bg1 Rb7 30. Rfc1 Bd8 31. b4 a5 32. c5 dxc5 33. bxc5 bxc5 34. Bxc5 Qf6 35. d6 Rgg7 36. Qd5+ Kh8 37. Ba3 Rbd7 38. Rc8 Qg5 39. R1c2 Qg3 40. Qxe5 h6 41. Qe8+ Kh7 42. Rxd8 Rxd8 43. Qxd8 Qe1+ 44. Kh2 Qg3+ 45. Kg1 1/2-1/2

[Event "African Games-chT 2019"]
[Site "Casablanca"]
[Date "2019.08.24"]
[Round "4.17"]
[White "Makoto, Rodwell"]
[Black "Amba, Oyon Marius Claude"]
[Result "1-0"]
[ECO "A05"]
[WhiteElo "2373"]
[BlackElo "1911"]
[Annotator "NA"]
[PlyCount "113"]
[EventDate "2019.08.24"]
[EventType "team-tourn"]
[EventCountry "MAR"]
[SourceTitle "playchess.com"]
[Source "ChessBase"]
[SourceQuality "1"]
[WhiteTeam "Zimbabwe"]
[BlackTeam "CMR"]
[WhiteTeamCountry "ZIM"]
[TimeControl "900+10"]

1. Nf3 Nf6 2. c4 g6 3. g3 Bg7 4. Bg2 c5 5. O-O O-O 6. d4 cxd4 7. Qxd4 Nc6 8. Qh4 Qa5 9. Nc3 Qh5 10. Qxh5 Nxh5 11. c5 d6 12. cxd6 exd6 13. Rd1 Bxc3 14. bxc3 Rd8 15. Rb1 Rb8 16. Bg5 f6 17. Be3 Be6 18. a3 Kf7 19. Nd2 f5 20. Rb5 d5 21. Rdb1 b6 22. c4 d4 23. Bg5 Rdc8 24. c5 Na5 25. cxb6 axb6 26. Nf3 Nc4 27. Bc1 Nd6 28. R5b4 Kg8 29. Nxd4 Bd7 30. Bd5+ Kg7 31. Bb2 Nf6 32. Bf3 Nde4 33. Rd1 Kf7 34. Nb5 Bxb5 35. Rxb5 Rc5 36. Rb3 b5 37. Bxf6 Nxf6 38. a4 b4 39. Rd4 g5 40. Rdxb4 Rxb4 41. Rxb4 g4 42. Bb7 Rc1+ 43. Kg2 Ra1 44. Rf4 Kg6 45. Bc8 h5 46. Bxf5+ Kg5 47. Bd3 Nd7 48. Rf5+ Kh6 49. a5 Nb8 50. a6 Nd7 51. Rd5 Nf6 52. Rc5 Nd7 53. Rc7 Ne5 54. a7 Kg5 55. Be4 h4 56. gxh4+ Kxh4 57. a8=Q 1-0

[Event "African Games-chT 2019"]
[Site "Casablanca"]
[Date "2019.08.24"]
[Round "4.18"]
[White "Ebosse, Kingue Victor Patric"]
[Black "Mushore, Emarald Takudzwa"]
[Result "1/2-1/2"]
[ECO "C77"]
[WhiteElo "2055"]
[BlackElo "2198"]
[Annotator "NA"]
[PlyCount "115"]
[EventDate "2019.08.24"]
[EventType "team-tourn"]
[EventCountry "MAR"]
[SourceTitle "playchess.com"]
[Source "ChessBase"]
[SourceQuality "1"]
[WhiteTeam "CMR"]
[BlackTeam "Zimbabwe"]
[BlackTeamCountry "ZIM"]
[TimeControl "900+10"]

1. e4 e5 2. Nf3 Nc6 3. Bb5 a6 4. Ba4 Nf6 5. d3 d6 6. O-O g6 7. c3 Bg7 8. h3 O-O 9. Bg5 h6 10. Be3 b5 11. Bc2 d5 12. Nbd2 Qd6 13. Nb3 Re8 14. Qd2 Kh7 15. Rad1 a5 16. Rfe1 a4 17. Nc1 Bb7 18. g4 Qd7 19. Qe2 b4 20. Qf1 a3 21. bxa3 bxc3 22. Ne2 Rxa3 23. Bc1 Rxa2 24. Bb3 Ra7 25. Nxc3 d4 26. Ne2 Na5 27. Bc2 c5 28. Ng3 Ba6 29. g5 hxg5 30. Nxg5+ Kg8 31. Bd2 Bc8 32. Ra1 Nc6 33. Ba4 Ra6 34. Bb3 Nd8 35. Rxa6 Bxa6 36. f4 exf4 37. Qxf4 Ne6 38. Bxe6 fxe6 39. e5 Nh7 40. N3e4 Nxg5 41. Qxg5 Bxd3 42. Qxg6 Bxe4 43. Rxe4 Qf7 44. Qg2 Qb7 45. Qg6 Qb1+ 46. Kg2 Re7 47. Bg5 Rf7 48. Bf6 Qc2+ 49. Kg3 Qd3+ 50. Kh4 Qc2 51. Kh5 Qb1 52. Bxg7 Rxg7 53. Qxe6+ Kh8 54. Qc8+ Kh7 55. Qf5+ Kg8 56. Qc8+ Kh7 57. Qf5+ Kh8 58. Qf8+ 1/2-1/2

[Event "African Games-chT 2019"]
[Site "Casablanca"]
[Date "2019.08.24"]
[Round "4.19"]
[White "Shaba, Linda"]
[Black "Magne, Kouokam Sylviane"]
[Result "1-0"]
[ECO "D02"]
[WhiteElo "1615"]
[BlackElo "1317"]
[Annotator "NA"]
[PlyCount "87"]
[EventDate "2019.08.24"]
[EventType "team-tourn"]
[EventCountry "MAR"]
[SourceTitle "playchess.com"]
[Source "ChessBase"]
[SourceQuality "1"]
[WhiteTeam "Zimbabwe"]
[BlackTeam "CMR"]
[WhiteTeamCountry "ZIM"]
[TimeControl "900+10"]

1. d4 d5 2. Nf3 g6 3. g3 Bg7 4. Bg2 Nf6 5. O-O O-O 6. b3 b6 7. Bb2 c5 8. Nbd2 Re8 9. c4 Bb7 10. dxc5 bxc5 11. cxd5 Bxd5 12. Rc1 Na6 13. Nc4 Nb4 14. a3 Nc6 15. Ne3 Rb8 16. Nxd5 Qxd5 17. Qxd5 Nxd5 18. Bxg7 Kxg7 19. Rxc5 Rxb3 20. Rxc6 Rxa3 21. Nd4 Nb4 22. Nc2 Nxc2 23. Rxc2 Rb8 24. Rc7 e6 25. Rd1 a5 26. Bf3 Rab3 27. Ra1 R3b5 28. Ra7 Kf6 29. R7xa5 Rxa5 30. Rxa5 Rb1+ 31. Kg2 Rb2 32. h3 e5 33. Ra6+ Ke7 34. Ra7+ Kf6 35. Bd5 Rxe2 36. Rxf7+ Kg5 37. h4+ Kh6 38. Re7 Re1 39. Bg8 g5 40. Rxh7+ Kg6 41. h5+ Kf6 42. Rf7+ Ke6 43. h6 Ra1 44. Ra7+ 1-0

[Event "African Games-chT 2019"]
[Site "Casablanca"]
[Date "2019.08.24"]
[Round "4.20"]
[White "Youwou Pedhom, Grace Christie"]
[Black "Wakuruwarewa, Colletta"]
[Result "1-0"]
[ECO "A46"]
[WhiteElo "1640"]
[BlackElo "1587"]
[Annotator "NA"]
[PlyCount "84"]
[EventDate "2019.08.24"]
[EventType "team-tourn"]
[EventCountry "MAR"]
[SourceTitle "playchess.com"]
[Source "ChessBase"]
[SourceQuality "1"]
[BlackTeam "Zimbabwe"]
[BlackTeamCountry "ZIM"]
[TimeControl "900+10"]

1. d4 Nf6 2. Nf3 e6 3. e3 d5 4. c4 c5 5. cxd5 Nxd5 6. dxc5 Bxc5 7. e4 Nc7 8. Qxd8+ Kxd8 9. Be2 Ke7 10. O-O h6 11. Nc3 Rd8 12. b3 Nc6 13. Bb2 Kf8 14. Rad1 Bd7 15. Na4 Be7 16. Be5 Ne8 17. Rd2 Nxe5 18. Nxe5 Bxa4 19. Rxd8 Rxd8 20. bxa4 Rd4 21. f3 Bc5 22. Kh1 Rxa4 23. Nd7+ Ke7 24. Nxc5 Rxa2 25. Re1 b6 26. Nb3 Nd6 27. Nc1 Rc2 28. Nd3 a5 29. e5 Nf5 30. g4 Nd4 31. Bd1 Ra2 32. Re4 Nb5 33. h4 Nc3 34. Rc4 Nxd1 35. Rc7+ Ke8 36. Rb7 Rd2 37. Nf4 Nf2+ 38. Kg1 Rb2 39. g5 hxg5 40. hxg5 g6 41. Ng2 Nh3+ {[%emt 0:00:42] f4 a4+} 42. Kf1 {[%emt 0:01:48] a3 Nh4 a2 Ra7} Rb1+ {[%emt 0:00:00] Kg2 Nxf4+ Kg3 Nh5+ Kg4 a1=Q Rxa1 Rxa1 Nf3 b5 Nd4 Ra4} 1-0

[Event "African Games-chT 2019"]
[Site "Casablanca"]
[Date "2019.08.24"]
[Round "4.21"]
[White "Beukes, Dante M"]
[Black "Aderito, Pedro"]
[Result "1-0"]
[ECO "B06"]
[WhiteElo "2130"]
[BlackElo "2301"]
[Annotator "NA"]
[PlyCount "58"]
[EventDate "2019.08.24"]
[EventType "team-tourn"]
[EventCountry "MAR"]
[SourceTitle "playchess.com"]
[Source "ChessBase"]
[SourceQuality "1"]
[WhiteTeam "Namibia"]
[BlackTeam "Angola"]
[WhiteTeamCountry "NAM"]
[BlackTeamCountry "ANG"]
[TimeControl "900+10"]

1. e4 d6 2. d4 g6 3. Nc3 Bg7 4. f4 a6 5. Nf3 c6 6. Bd3 b5 7. e5 Nh6 8. Ne4 O-O 9. O-O f5 10. Neg5 dxe5 11. dxe5 Qb6+ 12. Kh1 Ng4 13. Qe2 h6 14. Nh3 c5 15. c3 Bb7 16. Nf2 Nxf2+ 17. Qxf2 Nd7 18. Be3 Qc6 19. Qg3 Kf7 20. Nh4 Rg8 21. Be2 Qe6 22. Rad1 Bf8 23. Nxf5 Qxf5 24. Bg4 Qc2 25. Rxd7 Bc6 26. Rd2 Qa4 27. Bxc5 Qc4 28. Qf2 Qxa2 29. f5 Ke8 1-0

[Event "African Games-chT 2019"]
[Site "Casablanca"]
[Date "2019.08.24"]
[Round "4.22"]
[White "Silva, David"]
[Black "Eichab, Charles"]
[Result "1/2-1/2"]
[ECO "C05"]
[WhiteElo "2239"]
[BlackElo "2016"]
[Annotator "NA"]
[PlyCount "91"]
[EventDate "2019.08.24"]
[EventType "team-tourn"]
[EventCountry "MAR"]
[SourceTitle "playchess.com"]
[Source "ChessBase"]
[SourceQuality "1"]
[WhiteTeam "Angola"]
[BlackTeam "Namibia"]
[WhiteTeamCountry "ANG"]
[BlackTeamCountry "NAM"]
[TimeControl "900+10"]

1. e4 e6 2. d4 d5 3. Nd2 Nf6 4. e5 Nfd7 5. f4 c5 6. c3 Nc6 7. Ndf3 Qb6 8. a3 a5 9. h4 a4 10. h5 Qb3 11. Qxb3 axb3 12. dxc5 Bxc5 13. Bd3 f6 14. exf6 Nxf6 15. Ne2 Bd7 16. Bd2 Ng4 17. Ned4 e5 18. fxe5 Ncxe5 19. Be2 Nc4 20. Nxb3 Bf2+ 21. Kf1 O-O 22. Bxc4 dxc4 23. Nbd4 Rae8 24. Rc1 Re4 25. Bg5 Bxd4 26. cxd4 Rxd4 27. h6 gxh6 28. Bxh6 Nxh6 29. Rxh6 Bc6 30. Rc3 Rd2 31. Kg1 Bxf3 32. gxf3 Rxb2 33. Rxc4 Rxf3 34. Rc8+ Kg7 35. Rd6 Rf7 36. a4 Re7 37. Kf1 Ra2 38. Rc4 Rf7+ 39. Kg1 Re7 40. Rg4+ Kf7 41. Rd1 Ree2 42. Rg3 Rxa4 43. Rf3+ Ke7 44. Rh3 Raa2 45. Rxh7+ Ke6 46. Rxb7 1/2-1/2

[Event "African Games-chT 2019"]
[Site "Casablanca"]
[Date "2019.08.24"]
[Round "4.23"]
[White "Tjaronda, Nicola"]
[Black "Caxita, Esperanca"]
[Result "0-1"]
[ECO "A15"]
[WhiteElo "1545"]
[BlackElo "1803"]
[Annotator "NA"]
[PlyCount "80"]
[EventDate "2019.08.24"]
[EventType "team-tourn"]
[EventCountry "MAR"]
[SourceTitle "playchess.com"]
[Source "ChessBase"]
[SourceQuality "1"]
[WhiteTeam "Namibia"]
[BlackTeam "Angola"]
[WhiteTeamCountry "NAM"]
[BlackTeamCountry "ANG"]
[TimeControl "900+10"]

1. c4 Nf6 2. g3 d5 3. Bg2 c6 4. cxd5 cxd5 5. d4 Nc6 6. Nc3 e6 7. Bg5 Be7 8. Nf3 a6 9. O-O O-O 10. a3 h6 11. Bf4 Re8 12. Ne5 Nxe5 13. Bxe5 Nd7 14. Bf4 Bf6 15. Bd6 Qb6 16. Be5 Nxe5 17. dxe5 Bxe5 18. Qc2 Bd7 19. Na4 Qc6 20. Qxc6 Bxc6 21. Nc3 Rac8 22. Rac1 Bxc3 23. Rxc3 Bb5 24. Rxc8 Rxc8 25. Bf3 Rc2 26. Rb1 Bxe2 27. Bxe2 Rxe2 28. Kf1 Rc2 29. b4 b5 30. Rb3 Kf8 31. Kg2 d4 32. Kf3 f5 33. Rd3 e5 34. Kg2 Rc3 35. Rf3 Rxf3 36. Kxf3 Ke7 37. Ke2 Ke6 38. f3 Kd5 39. Kd3 e4+ 40. fxe4+ fxe4+ 0-1

[Event "African Games-chT 2019"]
[Site "Casablanca"]
[Date "2019.08.24"]
[Round "4.24"]
[White "Pires, Luzia"]
[Black "Mentile, Lishen"]
[Result "1-0"]
[ECO "B01"]
[WhiteElo "1924"]
[BlackElo "1513"]
[Annotator "NA"]
[PlyCount "151"]
[EventDate "2019.08.24"]
[EventType "team-tourn"]
[EventCountry "MAR"]
[SourceTitle "playchess.com"]
[Source "ChessBase"]
[SourceQuality "1"]
[WhiteTeam "Angola"]
[BlackTeam "Namibia"]
[WhiteTeamCountry "ANG"]
[BlackTeamCountry "NAM"]
[TimeControl "900+10"]

1. e4 d5 2. exd5 Qxd5 3. Nc3 Qd8 4. h3 Nf6 5. Nf3 c6 6. a3 Bf5 7. Bc4 e6 8. d4 h6 9. Ne2 Be7 10. c3 Nbd7 11. O-O O-O 12. Bf4 Nb6 13. Ba2 Nbd5 14. Bh2 Bd6 15. Ne5 Nd7 16. Nc4 Bxh2+ 17. Kxh2 Qc7+ 18. Kg1 N5b6 19. Ne3 Bg6 20. Ng3 Nf6 21. Qf3 Rad8 22. Rfe1 Nbd5 23. Nc4 Qf4 24. Qe2 Nd7 25. Bb1 b6 26. Bxg6 fxg6 27. Qxe6+ Kh7 28. Rf1 Rf6 29. Qe4 Qxe4 30. Nxe4 Re6 31. f3 Rf8 32. Rfe1 Nf4 33. Kh2 Ree8 34. Ncd6 Rd8 35. Rad1 Nf6 36. a4 Nxe4 37. Nxe4 Rfe8 38. Re3 Nd5 39. Re2 Nf4 40. Ree1 Kg8 41. Ng3 Rxe1 42. Rxe1 Nd3 43. Re2 Kf7 44. Ne4 Nf4 45. Re1 Nd3 46. Re2 Nf4 47. Rd2 Ke6 48. b3 Nd5 49. Re2 Kf5 50. Kg3 Nf4 51. Rd2 Nd5 52. Kf2 Nf6 53. Ng3+ Ke6 54. Re2+ Kd6 55. Ne4+ Kd5 56. Nxf6+ gxf6 57. Re7 a6 58. Rg7 g5 59. Rh7 Rd6 60. Rxh6 Re6 61. Rh7 c5 62. dxc5 Kxc5 63. Rc7+ Kd6 64. Ra7 a5 65. g3 Kc6 66. Rf7 Kd6 67. h4 gxh4 68. gxh4 Ke5 69. h5 Kf5 70. h6 Kg6 71. h7 Re8 72. Rb7 Rh8 73. b4 axb4 74. cxb4 Rxh7 75. Rxh7 Kxh7 76. a5 1-0

[Event "African Games-chT 2019"]
[Site "Casablanca"]
[Date "2019.08.24"]
[Round "4.25"]
[White "Rita, Jeorciley"]
[Black "Mwale, Joseph"]
[Result "0-1"]
[ECO "A46"]
[WhiteElo "1920"]
[BlackElo "2231"]
[Annotator "NA"]
[PlyCount "104"]
[EventDate "2019.08.24"]
[EventType "team-tourn"]
[EventCountry "MAR"]
[SourceTitle "playchess.com"]
[Source "ChessBase"]
[SourceQuality "1"]
[WhiteTeam "STP"]
[BlackTeam "MAW"]
[TimeControl "900+10"]

1. d4 Nf6 2. Nf3 e6 3. Bg5 d5 4. e3 Be7 5. Bd3 b6 6. c3 O-O 7. Nbd2 h6 8. Bh4 Nbd7 9. h3 c5 10. g4 Bb7 11. Qc2 c4 12. Be2 Ne4 13. Bxe7 Qxe7 14. Nxe4 dxe4 15. Nd2 b5 16. O-O-O e5 17. Rhg1 exd4 18. exd4 e3 19. fxe3 Qxe3 20. Rde1 Rae8 21. Kd1 Qf2 22. Rgf1 Qg2 23. h4 Nf6 24. Qf5 Nd5 25. Rf2 Ne3+ 26. Kc1 Nxf5 27. Rxg2 Bxg2 28. gxf5 Re3 29. Kd1 Rfe8 30. b3 cxb3 31. axb3 Bh3 32. Rh1 Rxc3 33. Rh2 Bxf5 34. Bxb5 Bg4+ 35. Be2 Rxe2 36. Rxe2 Re3 37. Kc2 Rxe2 38. Kc3 Be6 39. Nc4 Rh2 40. Kb4 Rxh4 41. Kc5 Rh5+ 42. Kb4 Rg5 43. Ne5 h5 44. Nf3 Rg3 45. Nd2 h4 46. Kc5 h3 47. Nf1 Rf3 48. Nh2 Rf2 49. d5 Bc8 50. Kc6 Rxh2 51. d6 Rc2+ 52. Kd5 h2 0-1

[Event "African Games-chT 2019"]
[Site "Casablanca"]
[Date "2019.08.24"]
[Round "4.26"]
[White "Mphungu, Gerrard"]
[Black "Espirito Santo, Waldyr"]
[Result "1-0"]
[ECO "E62"]
[WhiteElo "2107"]
[BlackElo "1923"]
[Annotator "NA"]
[PlyCount "111"]
[EventDate "2019.08.24"]
[EventType "team-tourn"]
[EventCountry "MAR"]
[SourceTitle "playchess.com"]
[Source "ChessBase"]
[SourceQuality "1"]
[WhiteTeam "MAW"]
[BlackTeam "STP"]
[TimeControl "900+10"]

1. d4 Nf6 2. c4 g6 3. Nf3 Bg7 4. g3 O-O 5. Bg2 d6 6. Nc3 Nc6 7. O-O e5 8. d5 Ne7 9. e4 Nd7 10. Be3 f5 11. Ng5 Nf6 12. f3 c6 13. Qd2 h6 14. Ne6 Bxe6 15. dxe6 Kh7 16. f4 Ng4 17. Kh1 Nxe3 18. Qxe3 Qc8 19. fxe5 Bxe5 20. c5 Qxe6 21. cxd6 Bxd6 22. Rad1 Bb4 23. Qd3 Rad8 24. Qe2 a6 25. exf5 Qxe2 26. fxg6+ Kxg6 27. Nxe2 Rxf1+ 28. Rxf1 Rd2 29. Nf4+ Kg7 30. Ne6+ Kh8 31. a3 Bd6 32. Nd8 Ng6 33. Rf6 Rd1+ 34. Bf1 Ne5 35. Nf7+ Nxf7 36. Rxf7 Kg8 37. Rf3 Kg7 38. Kg2 Bc5 39. Rd3 Rxd3 40. Bxd3 a5 41. a4 Kf6 42. Kf3 Bd4 43. b3 c5 44. Ke4 b6 45. g4 Kg5 46. Be2 Bg1 47. Kd5 Bxh2 48. Kc6 Bg1 49. Bc4 Kxg4 50. Kxb6 h5 51. Kxa5 h4 52. Kb5 Kf4 53. a5 Ke5 54. a6 h3 55. a7 h2 56. a8=Q 1-0

[Event "African Games-chT 2019"]
[Site "Casablanca"]
[Date "2019.08.24"]
[Round "4.29"]
[White "Marie, Patrick"]
[Black "Asante Debesai Zerabruk"]
[Result "1/2-1/2"]
[ECO "B13"]
[WhiteElo "1921"]
[BlackElo "1712"]
[Annotator "NA"]
[PlyCount "186"]
[EventDate "2019.08.24"]
[EventType "team-tourn"]
[EventCountry "MAR"]
[SourceTitle "playchess.com"]
[Source "ChessBase"]
[SourceQuality "1"]
[WhiteTeam "Mauritius"]
[BlackTeam "Eritrea"]
[WhiteTeamCountry "MRI"]
[BlackTeamCountry "ERI"]
[TimeControl "900+10"]

1. e4 c6 2. d4 d5 3. exd5 cxd5 4. c4 Nf6 5. Nc3 Nc6 6. Nf3 Bg4 7. Be2 dxc4 8. d5 Bxf3 9. Bxf3 Ne5 10. Be2 e6 11. Qa4+ Qd7 12. dxe6 Qxa4 13. exf7+ Kxf7 14. Nxa4 b5 15. Nc3 Bb4 16. O-O Bxc3 17. bxc3 Rad8 18. Be3 Rd7 19. Bd4 Nc6 20. Be3 Re8 21. a4 a6 22. axb5 axb5 23. Bf3 Ne5 24. Ba8 Nd5 25. Bd4 Nc7 26. f4 Rxa8 27. fxe5+ Ke6 28. Rxa8 Nxa8 29. Rb1 Rb7 30. Kf2 Nc7 31. Kf3 h6 32. Ke4 Rb8 33. Ra1 Ra8 34. Rxa8 Nxa8 35. Bc5 Nc7 36. Bf8 Kf7 37. Bd6 Ne6 38. g3 Ke8 39. Kd5 Kd7 40. Bb4 h5 41. Bd6 Ng5 42. Kc5 Ne4+ 43. Kxb5 Nxc3+ 44. Kxc4 Ne4 45. Kd5 Ng5 46. Bf8 Ne6 47. Ba3 Ng5 48. Bc1 Ne6 49. Bd2 g5 50. Be3 g4 51. Ke4 Ke7 52. Kf5 Kf7 53. Bb6 Ng7+ 54. Kg5 Ke6 55. Bd4 Nf5 56. Bb2 Ng7 57. Kh6 Kf7 58. Bc3 Nf5+ 59. Kxh5 Ne3 60. Bd4 Nf5 61. Bf2 Ke6 62. Kxg4 Kxe5 63. h4 Kf6 64. Kf4 Ne7 65. Bd4+ Kg6 66. g4 Nd5+ 67. Ke4 Ne7 68. h5+ Kg5 69. Kf3 Nd5 70. Be3+ Kf6 71. g5+ Kf5 72. h6 Kg6 73. Ke4 Ne7 74. Ke5 Nc6+ 75. Kf4 Ne7 76. Bd4 Nc6 77. Bf6 Nb4 78. Ke5 Nd3+ 79. Kd6 Nf4 80. Ke7 Kh7 81. Kf7 Ng6 82. Bg7 Nf4 83. Kf6 Ng6 84. Kf5 Ne7+ 85. Ke6 Ng6 86. Be5 Nf8+ 87. Kf7 Ng6 88. Bg3 Nh8+ 89. Kf6 Ng6 90. Bd6 Nh4 91. Kf7 Ng6 92. Bg3 Nh8+ 93. Kf6 Ng6 1/2-1/2

[Event "African Games-chT 2019"]
[Site "Casablanca"]
[Date "2019.08.24"]
[Round "4.33"]
[White "Mesfin, Leykun"]
[Black "Kourakoumba, Florent"]
[Result "1-0"]
[ECO "C00"]
[WhiteElo "2151"]
[BlackElo "1677"]
[Annotator "NA"]
[PlyCount "85"]
[EventDate "2019.08.24"]
[EventType "team-tourn"]
[EventCountry "MAR"]
[SourceTitle "playchess.com"]
[Source "ChessBase"]
[SourceQuality "1"]
[WhiteTeam "Ethiopia"]
[BlackTeam "CAF"]
[WhiteTeamCountry "ETH"]
[TimeControl "900+10"]

1. e4 e6 2. d4 d6 3. Bd3 Nd7 4. f4 Be7 5. Nf3 Ngf6 6. O-O O-O 7. c3 a6 8. Nbd2 Ng4 9. Qe2 f6 10. h3 Nh6 11. Nc4 b5 12. Ne3 e5 13. Nd5 c6 14. Nxe7+ Qxe7 15. fxe5 Nf7 16. exd6 Nxd6 17. Bf4 Nb6 18. e5 Ndc4 19. b3 Na5 20. Qe4 g6 21. exf6 Qxe4 22. Bxe4 Rxf6 23. Bc7 Re6 24. Ne5 Nd7 25. Bxa5 Nxe5 26. dxe5 Bb7 27. Bc7 Rc8 28. Bd6 Rd8 29. Bf3 h5 30. c4 Rd7 31. cxb5 axb5 32. a4 b4 33. Rac1 Kg7 34. Bxc6 Bxc6 35. Rxc6 Kh6 36. Bf8+ Kg5 37. Rxe6 Rd3 38. Rd6 Rxb3 39. e6 Rb2 40. Rd5+ Kh4 41. Be7+ g5 42. Rd4+ Kg3 43. Rf3# 1-0

[Event "African Games-chT 2019"]
[Site "Casablanca"]
[Date "2019.08.24"]
[Round "4.34"]
[White "Koualet-Bebondi, Vianney Archeveq"]
[Black "Gole, Habtamu Ashenafi"]
[Result "1-0"]
[ECO "B20"]
[WhiteElo "1679"]
[BlackElo "2046"]
[Annotator "NA"]
[PlyCount "91"]
[EventDate "2019.08.24"]
[EventType "team-tourn"]
[EventCountry "MAR"]
[SourceTitle "playchess.com"]
[Source "ChessBase"]
[SourceQuality "1"]
[WhiteTeam "CAF"]
[BlackTeam "Ethiopia"]
[BlackTeamCountry "ETH"]
[TimeControl "900+10"]

1. e4 c5 2. d3 Nc6 3. c3 e6 4. Nf3 h6 5. Be2 d5 6. exd5 exd5 7. O-O Nf6 8. Bf4 Bd6 9. Bxd6 Qxd6 10. h3 O-O 11. Nh2 d4 12. f4 Nd5 13. Qd2 Ne3 14. Rf2 Re8 15. Na3 a6 16. Nc2 Qg6 17. Kh1 Qg3 18. Bf3 Bd7 19. cxd4 cxd4 20. Re1 Kh7 21. Nxd4 Nxd4 22. Rxe3 g6 23. Bxb7 Rxe3 24. Bxa8 Rxd3 25. Qe1 Qh4 26. Be4 Rd1 27. Qxd1 Qxf2 28. Qf1 Qxb2 29. Bd5 Ne2 30. Qf2 Bb5 31. Nf1 Qc1 32. Kh2 Nxf4 33. Ne3 Qc7 34. g3 Nxd5 35. Nxd5 Qb7 36. Qd2 Bc4 37. Nc3 Be6 38. a4 Qb4 39. Qc1 h5 40. Qa1 Qd4 41. Qb2 Qe5 42. h4 Bd5 43. Qd2 Bc6 44. Qc2 Qe1 45. Ne4 Bxe4 46. Qc7 1-0

[Event "African Games-chT 2019"]
[Site "Casablanca"]
[Date "2019.08.24"]
[Round "5.1"]
[White "Adly, Ahmed"]
[Black "Zaibi, Amir"]
[Result "1-0"]
[ECO "D02"]
[WhiteElo "2636"]
[BlackElo "2367"]
[Annotator "ChessBase"]
[PlyCount "75"]
[EventDate "2019.08.24"]
[EventType "team-tourn"]
[EventCountry "MAR"]
[SourceTitle "playchess.com"]
[Source "ChessBase"]
[SourceQuality "1"]
[WhiteTeam "Egypt"]
[BlackTeam "Tunisia"]
[WhiteTeamCountry "EGY"]
[BlackTeamCountry "TUN"]
[TimeControl "900+10"]

1. d4 d5 2. Nf3 Nf6 3. Bf4 c5 4. e3 Nc6 5. c3 Qb6 6. Qc1 Bf5 7. Nbd2 Rc8 8. Be2 e6 9. O-O Be7 10. h3 h6 11. a4 a6 12. dxc5 Bxc5 13. b4 Be7 14. b5 axb5 15. axb5 Na5 16. Be5 O-O 17. Ra4 Qd8 18. Nd4 Bh7 19. Qa1 b6 20. c4 Bd6 21. N4f3 dxc4 22. Nxc4 Nxc4 23. Rxc4 Bxe5 24. Nxe5 Qd2 25. Qc1 Qxc1 26. Rfxc1 Rxc4 27. Rxc4 Be4 28. f3 Bd5 29. Rc7 Ne8 30. Ra7 Nd6 31. e4 Bb7 32. Nd7 Rc8 33. e5 Rc7 34. Nxb6 Nf5 35. Bd3 g6 36. Nc4 Rd7 37. Bxf5 gxf5 38. Nd6 1-0

[Event "African Games-chT 2019"]
[Site "Casablanca"]
[Date "2019.08.24"]
[Round "5.3"]
[White "Wafa, Shrook"]
[Black "Marzouk, Amira"]
[Result "1-0"]
[ECO "B50"]
[WhiteElo "2183"]
[BlackElo "1698"]
[Annotator "NA"]
[PlyCount "49"]
[EventDate "2019.08.24"]
[EventType "team-tourn"]
[EventCountry "MAR"]
[SourceTitle "playchess.com"]
[Source "ChessBase"]
[SourceQuality "1"]
[WhiteTeam "Egypt"]
[BlackTeam "Tunisia"]
[WhiteTeamCountry "EGY"]
[BlackTeamCountry "TUN"]
[TimeControl "900+10"]

1. e4 c5 2. Nf3 d6 3. Nc3 Nf6 4. Bb5+ Bd7 5. Bxd7+ Nbxd7 6. d4 cxd4 7. Nxd4 g6 8. O-O Bg7 9. Re1 O-O 10. Be3 a6 11. f3 Rc8 12. Qd2 Re8 13. Rac1 b5 14. a4 b4 15. Nd5 Nxd5 16. exd5 a5 17. Nc6 Qc7 18. Bd4 Bxd4+ 19. Qxd4 Nb8 20. Na7 Qc5 21. c3 Qxd4+ 22. cxd4 Kf8 23. Rxc8 Rxc8 24. Nxc8 Nd7 25. Rxe7 1-0

[Event "African Games-chT 2019"]
[Site "Casablanca"]
[Date "2019.08.24"]
[Round "5.4"]
[White "Miladi, Amen"]
[Black "Wafa, Shahenda"]
[Result "1/2-1/2"]
[ECO "B34"]
[WhiteElo "1811"]
[BlackElo "2139"]
[Annotator "NA"]
[PlyCount "173"]
[EventDate "2019.08.24"]
[EventType "team-tourn"]
[EventCountry "MAR"]
[SourceTitle "playchess.com"]
[Source "ChessBase"]
[SourceQuality "1"]
[WhiteTeam "Tunisia"]
[BlackTeam "Egypt"]
[WhiteTeamCountry "TUN"]
[BlackTeamCountry "EGY"]
[TimeControl "900+10"]

1. e4 c5 2. Nf3 Nc6 3. d4 cxd4 4. Nxd4 Nf6 5. Nc3 e5 6. Ndb5 d6 7. a4 a6 8. Na3 Bg4 9. Be2 Bxe2 10. Qxe2 d5 11. Bg5 d4 12. Bxf6 gxf6 13. Nd5 Nb4 14. Qf3 Nxd5 15. exd5 Bg7 16. O-O-O O-O 17. Qb3 Qd7 18. a5 Rfd8 19. c4 dxc3 20. bxc3 Rac8 21. Kb2 Rc5 22. c4 Rxa5 23. Qb6 Ra4 24. c5 f5 25. Kb3 Rd4 26. Rxd4 exd4 27. d6 Rc8 28. Re1 Bf6 29. Nc4 Qb5+ 30. Qxb5 axb5 31. Na5 Rxc5 32. Nxb7 Rd5 33. Kb4 d3 34. Rd1 Be5 35. d7 Rxd7 36. Nc5 Bd6 37. Kxb5 Bxc5 38. Kxc5 Kg7 39. Kc4 Kf6 40. Rxd3 Rc7+ 41. Kd4 Rc2 42. Ke3 Ke5 43. Rd7 Rc3+ 44. Kd2 Rc6 45. Rxf7 Rh6 46. h3 f4 47. Ke2 Ke4 48. Re7+ Kf5 49. Kf3 Kg5 50. Rf7 Ra6 51. Rxh7 Ra3+ 52. Ke4 Ra4+ 53. Kd3 Ra3+ 54. Kc4 Ra2 55. Rg7+ Kf6 56. Rg4 Rxf2 57. Kd5 Kf5 58. Rg8 Rd2+ 59. Kc4 Ke4 60. Re8+ Kf5 61. Rf8+ Ke4 62. Re8+ Kf5 63. Rg8 Ke4 64. Kc3 Rd3+ 65. Kc2 Rd7 66. Re8+ Kf5 67. Re2 Rf7 68. Rf2 Ke4 69. Kd2 Rd7+ 70. Ke2 Ra7 71. h4 Rh7 72. Rf3 Rxh4 73. Kf2 Rh7 74. Kf1 Ra7 75. Kf2 Ra1 76. Ke2 Ra2+ 77. Kf1 Rd2 78. Kg1 Rd1+ 79. Kf2 Rc1 80. Ke2 Rc2+ 81. Kf1 Rd2 82. Kg1 Re2 83. Kf1 Re3 84. Rxe3+ fxe3 85. Ke2 Kf4 86. g4 Kxg4 87. Kxe3 1/2-1/2